[Event "*** Titled Tuesday Blitz"]
[Site "Chess.com"]
[Date "2020.01.07"]
[Round "8"]
[White "Indianlad"]
[Black "JustaTrickstar"]
[Result "1-0"]
[WhiteElo "2916"]
[BlackElo "2739"]
[TimeControl "180+2"]
[EndTime "14:55:42 PST"]
[Termination "Indianlad won by resignation"]

1. c4 e6 2. g3 d5 3. Bg2 Nf6 4. Nf3 dxc4 5. O-O a6 6. a4 Nc6 7. Na3 Na5 8. Qc2 Qd5 9. Rd1 Bd7 10.
d3 cxd3 11. Rxd3 Qc6 12. Qd1 Qxa4 13. b3 Qb4 14. Nc2 Qb6 15. Be3 c5 16. Ne5 Bb5 17. b4 Nc6 18. Nxc6 Bxc6 19. bxc5 Bxc5 20. Rb1 Qa7 21. Bxc6+ bxc6 22. Nd4 Bxd4 23. Bxd4 Qe7 24. Qc2 O-O 25. Bc5 Qc7 26. Bd6 Qc8 27. Bxf8 Kxf8 28. Rc3 Nd5 29. Rxc6 Qd7 30. Qc5+ Kg8 31. Rxa6 Rc8 32. Rc6 Ra8 33. Qd6 Qe8 34. e4 Nf6 35. Rcb6 Rd8 36. Qxd8 Qxd8 37. Rb8 Qf8 38. Rxf8+ Kxf8 39. f3 g5 40. Kf2 g4 41. e5 Nd7 42.
f4 Kg7 43. Ke3 Nf8 44. Rd1 h5 45. Rd8 Ng6 46. Re8 Nf8 47. Rd8 Ng6 48. Rd7 Kf8 49.
Kd4 Ne7 50. Kc5 Nf5 51. Rd3 Kg7 52. Kc6 Kg6 53. Kd7 h4 54. Ke8 h3 55. Kf8 f6 56. Ke8 fxe5 57. fxe5 Kg7 58. Kd7 Kf7 59. Rd2 Ng7 60. Rf2+ Kg6 61. Ke7 Kg5 62. Kf7 Nf5 63. Kxe6 1-0

[Event "*** Titled Tuesday Blitz"]
[Site "Chess.com"]
[Date "2020.01.07"]
[Round "8"]
[White "Kimster98"]
[Black "chess3054"]
[Result "1-0"]
[WhiteElo "2599"]
[BlackElo "2441"]
[TimeControl "180+2"]
[EndTime "14:55:46 PST"]
[Termination "Kimster98 won by resignation"]

1. Nf3 Nf6 2. c4 b6 3. g3 Bb7 4. Bg2 e6 5. O-O Be7 6. Nc3 O-O 7.
Re1 d5 8. cxd5 exd5 9. d4 c5 10.
Bf4 Nc6 11. dxc5 bxc5 12. Ne5 Nxe5 13. Bxe5 Rc8 14. Qb3 Qb6 15. Rad1 Rfd8 16. Qxb6 axb6 17. Bxf6 Bxf6 18. Nxd5 Bxd5 19. Rxd5 Rxd5 20. Bxd5 c4 21. b3 c3 22. Rc1 Kf8 23. Be4 b5 24. a4 bxa4 25.
bxa4 Rc4 26. Bc2 Ke7 27. e3 Be5 28. Kf1 Kd6 29. Ke2 Kc5 30. Kd3 Rb4 31. Ra1 Rb6 32. Ke4 Bc7 33. Bd3 Rb8 34. a5 Re8+ 35.
Kf3 Ra8 36. a6 Bb6 37. Ke2 Ba7 38. Kd1 Rb8 39. Rb1 Rxb1+ 40. Bxb1 h6 41. Ba2 f6 42. Kc2 Kb4 43. Be6 Bb6 44. Bd7 Ba7 45. Bf5 Bb6 46. Bg4 Ba7 47. Bh5 Bb6 48. Bd1 Ba7 49.
Kd3 Bb6 50. f4 Ka5 51. e4 Kxa6 52. Kxc3 Bg1 53. e5 fxe5 54. fxe5 Kb7 55. h4 Bf2 56. e6 Kc7 57. Bg4 Bxg3 58. e7 Bxh4 59. e8=Q Bf6+ 60. Kc4 Kd6 61. Qe6+ Kc7 62. Kb5 Bg5 63.
Qd7+ Kb8 64. Kc6 1-0

[Event "*** Titled Tuesday Blitz"]
[Site "Chess.com"]
[Date "2020.01.07"]
[Round "8"]
[White "guillembaches"]
[Black "kingofthenil"]
[Result "1-0"]
[WhiteElo "2320"]
[BlackElo "2468"]
[TimeControl "180+2"]
[EndTime "14:55:48 PST"]
[Termination "guillembaches won by resignation"]

1. e4 Nc6 2. Nf3 d6 3. Nc3 Nf6 4. h3 g6 5. d4 Bg7 6. Be2 O-O 7. O-O a6 8. a4 e5 9. Be3 exd4 10. Nxd4 Re8 11. Nxc6 bxc6 12. Bf3 Rb8 13. Rb1 c5 14.
Qd2 Bb7 15. Bg5 h6 16. Bxh6 Nxe4 17. Bxe4 Bxe4 18. Bxg7 Kxg7 19. Nxe4 Rxe4 20. b3 Qf6 21. Rfe1 Rd4 22. Qe3 Rh8 23. Rbd1 Rxd1 24. Rxd1 Rh5 25. Rd3 Re5 26. Qd2 Re4 27. Re3 Rd4 28. Qe2 a5 29. Rd3 Rf4 30. Re3 c4 31. Re4 Rxe4 32. Qxe4 Qa1+ 33.
Kh2 cxb3 34. cxb3 Qc3 35. Qd5 Qe5+ 36. Qxe5+ dxe5 37. Kg3 f5 38. Kf3 Kf6 39. g4 Kg5 40. gxf5 gxf5 41. Ke3 Kh4 42. b4 f4+ 43. Kd2 axb4 44.
a5 e4 45. a6 b3 46. a7 Kxh3 47. a8=Q Kg2 48. Qxe4+ f3 49. Qe3 c5 50. Kc3 c4 51.
Kb2 Kh2 52. Qxf3 c3+ 53. Qxc3 Kg2 54. f4 1-0

[Event "*** Titled Tuesday Blitz"]
[Site "Chess.com"]
[Date "2020.01.07"]
[Round "8"]
[White "iLuusions"]
[Black "Vugar_Manafov"]
[Result "1-0"]
[WhiteElo "2488"]
[BlackElo "2586"]
[TimeControl "180+2"]
[EndTime "14:55:53 PST"]
[Termination "iLuusions won by resignation"]

1. d4 Nf6 2. c4 e6 3. Nf3 Bb4+ 4. Nbd2 O-O 5. a3 Bxd2+ 6. Qxd2 d6 7. g3 b6 8. Bg2 Bb7 9. b3 Nbd7 10. O-O Ne4 11. Qc2 f5 12. Bb2 Rf6 13. d5 e5 14. Nh4 c6 15. dxc6 Bxc6 16. Nxf5 Ndc5 17. Ne3 Qf8 18. f3 Ng5 19. Nd5 Bxd5 20. cxd5 Rc8 21. Rac1 Re8 22. b4 Nd7 23. Qd2 Rg6 24. Rc7 Nf6 25. e4 h5 26. h4 Nf7 27. Kh2 Rc8 28. Rfc1 Rxc7 29. Rxc7 Nh6 30. Qe2 Qb8 31. Qc4 Kh7 32. Rc8 Qb7 33. b5 Qf7 34. Qc7 Nfg4+ 35. Kg1 Qf6 36. Qd8 Qxd8 37. Rxd8 Ne3 38. Bc1 Nc2 39.
Kf2 Nf7 40. Rd7 Rf6 41. Rxa7 Nd4 42. a4 Kg8 43. Be3 Nh6 44. Bxh6 Rxh6 45. Rb7 Rf6 46. Rxb6 Rf8 47. Rxd6 Ra8 48. Ra6 Rc8 49. Rc6 Nxc6 50.
dxc6 Kf8 51. a5 Ke7 52. Bh3 Rc7 53. Bd7 Ra7 54. a6 1-0

[Event "*** Titled Tuesday Blitz"]
[Site "Chess.com"]
[Date "2020.01.07"]
[Round "8"]
[White "IMUltimateBeast"]
[Black "liczner"]
[Result "1-0"]
[WhiteElo "2664"]
[BlackElo "2786"]
[TimeControl "180+2"]
[EndTime "14:55:56 PST"]
[Termination "IMUltimateBeast won by checkmate"]

1. d4 Nf6 2. Bf4 g6 3. e3 Bg7 4. h4 d6 5. Nc3 Nbd7 6. Be2 c6 7. h5 Qa5 8. hxg6 hxg6 9. Rxh8+ Bxh8 10. Qd2 Nb6 11.
Nf3 Be6 12. Ne4 Qxd2+ 13. Nexd2 Nfd5 14. Bg3 Nb4 15. Kd1 Na4 16. c3 Nxb2+ 17. Kc1 N2d3+ 18. Bxd3 Nxd3+ 19. Kc2 Nxf2 20. Bxf2 Bf6 21. e4 O-O-O 22.
Rh1 Bxa2 23. Ra1 Be6 24. Rxa7 Kb8 25. Ra1 Rh8 26. Kd3 Kc7 27. Bg3 b5 28. Bf4 Kb6 29. Bg5 c5 30. Bxf6 exf6 31. d5 Bd7 32. Nf1 g5 33. Ne3 g4 34. Nd2 Rh6 35. Ndf1 Rh8 36. Ng3 Rd8 37. Ngf5 Bxf5 38. Nxf5 Rd7 39. Ra8 b4 40. cxb4 cxb4 41. Rb8+ Kc5 42. Rc8+ Kb5 43.
Rc6 b3 44. Nxd6+ Ka4 45. Nc4 Kb4 46. Rb6+ Kc5 47. Rc6+ Kb5 48. Kd4 f5 49. Rb6+ Ka4 50. Kc3 fxe4 51. Rb4# 1-0

[Event "*** Titled Tuesday Blitz"]
[Site "Chess.com"]
[Date "2020.01.07"]
[Round "8"]
[White "TheBigBoss04"]
[Black "Dynamikus"]
[Result "0-1"]
[WhiteElo "2717"]
[BlackElo "2674"]
[TimeControl "180+2"]
[EndTime "14:55:56 PST"]
[Termination "Dynamikus won by checkmate"]

1. b3 Nf6 2. Bb2 g6 3. c4 d5 4. cxd5 Qxd5 5. Nc3 Qd8 6. Nf3 Bg7 7. g3 O-O 8. Bg2 c5 9. O-O Nc6 10. Rc1 Bd7 11.
d4 cxd4 12. Nxd4 Rc8 13. Nf3 Bf5 14. Nh4 Bd7 15. Qd2 Qa5 16. Rfd1 Rfd8 17. Qe1 Be8 18. Rxd8 Rxd8 19. a3 Nd4 20. b4 Qh5 21. Nf3 Bc6 22.
Nxd4 Bxg2 23. Kxg2 Rxd4 24. Rd1 Rd7 25. Rxd7 Nxd7 26.
Qd2 Qf5 27. Nd5 Qe6 28. Bxg7 Kxg7 29. Nf4 Qc6+ 30. f3 Nb6 31. Qd4+ f6 32. Nd3 Kf7 33.
Nc5 Nc8 34. Qc4+ e6 35. Qh4 h5 36. Ne4 e5 37. b5 Qb6 38. g4 Ne7 39. gxh5 g5 40. Qg4 Qc7 41. h6 Nd5 42. Qh5+ Ke7 43. h7 Nf4+ 44. Kf2 Qc2 45. Nc3 Nxh5 46. h8=Q Nf4 47. Qg7+ Ke6 48. Qg8+ Ke7 49. Qc8 Qd2 50. Qxb7+ Kf8 51. Qc8+ Kg7 52. Qc7+ Kg6 53. Qc4 f5 54. a4 Nh3+ 55. Kg3 Qe1+ 56. Kxh3 Qf1+ 57. Kg3 f4+ 58. Kg4 Qg2# 0-1

[Event "*** Titled Tuesday Blitz"]
[Site "Chess.com"]
[Date "2020.01.07"]
[Round "8"]
[White "Perecke"]
[Black "ural58"]
[Result "1-0"]
[WhiteElo "2177"]
[BlackElo "2313"]
[TimeControl "180+2"]
[EndTime "14:55:58 PST"]
[Termination "Perecke won on time"]

1. e4 d5 2. exd5 Qxd5 3. Nc3 Qa5 4. Bc4 Nf6 5. d3 Bg4 6. f3 Be6 7. Ne2 Bxc4 8. dxc4 Nc6 9. Be3 Rd8 10. Qc1 e5 11.
O-O Bc5 12. Nb5 O-O 13. Bxc5 Rfe8 14. c3 Rd7 15. b4 Qa4 16. Na3 a5 17. b5 Nd8 18.
Qc2 Qxc2 19. Nxc2 Rd2 20. Ned4 exd4 21. Nxd4 b6 22. Ba3 Ne6 23. Nxe6 Rxe6 24. Rad1 Ree2 25. Rxd2 Rxd2 26. Be7 Nd7 27. a3 f6 28. Bd8 Kf7 29. Bxc7 Rd3 30. Rc1 g5 31. c5 Nxc5 32. Bxb6 Nb3 33.
Rc2 Na1 34. Ra2 Nb3 35. c4 Rc3 36. c5 Nxc5 37. Bxa5 Rc1+ 38. Kf2 Rb1 39. b6 Rb5 40. Bb4 Nd3+ 41. Ke3 Nxb4 42. axb4 Rxb4 43. Ra7+ Kg6 44. b7 h5 45. Kd3 h4 46. Kc3 Rb1 47.
Kc4 h3 48. g4 Rb2 49. Kd5 Rb1 50. Kc6 f5 51. Ra5 fxg4 52. fxg4 Rc1+ 53. Rc5 Rb1 54. Rb5 1-0

[Event "*** Titled Tuesday Blitz"]
[Site "Chess.com"]
[Date "2020.01.07"]
[Round "8"]
[White "Moon_stone123"]
[Black "kasparicy"]
[Result "0-1"]
[WhiteElo "2103"]
[BlackElo "2318"]
[TimeControl "180+2"]
[EndTime "14:56:02 PST"]
[Termination "kasparicy won on time"]

1. e4 c5 2. Nf3 d6 3. d4 cxd4 4.
Nxd4 Nf6 5. Nc3 a6 6. Bg5 e6 7.
f4 Nbd7 8. Qd3 Be7 9. O-O-O Qc7 10. Be2 b5 11. Bf3 Bb7 12. a3 Rc8 13. Rhe1 Nc5 14.
Qe3 O-O 15. e5 Ne8 16. Bxb7 Qxb7 17. Bxe7 Qxe7 18. f5 dxe5 19. Qxe5 f6 20. Qe2 e5 21. g4 Qb7 22. Ne6 Nxe6 23. fxe6 Qe7 24. Rd7 Qxe6 25. Red1 Rf7 26. Rd8 Rxd8 27. Rxd8 Rf8 28. Qd3 Qxg4 29. Qd5+ Kh8 30. Qf7 Qf4+ 31. Kb1 Qf1+ 32. Ka2 Qc4+ 33. Qxc4 bxc4 34. Nd5 f5 35. Nc7 f4 36. Ne6 Rg8 37. Ng5 h6 38. Nf7+ Kh7 39. Nxe5 Nf6 40. Rd4 g5 41. Rxc4 Re8 42. Rc7+ Kg8 43. Nf3 g4 44. Nh4 f3 45. Rc6 Kg7 46. Rc5 Re1 47. Rf5 Re2 48. c4 Rxh2 49. Nxf3 gxf3 50. Rxf3 Rc2 51. Kb3 Rc1 52. Kb4 Nd7 53. Rd3 Ne5 54. Rd4 h5 55. Re4 Kf6 56. c5 Kf5 57. Rh4 Kg5 58. Re4 Nc6+ 59. Ka4 h4 60. b4 h3 61. b5 axb5+ 62. Kxb5 h2 0-1

[Event "*** Titled Tuesday Blitz"]
[Site "Chess.com"]
[Date "2020.01.07"]
[Round "8"]
[White "cukus"]
[Black "vlad_Sid"]
[Result "0-1"]
[WhiteElo "2447"]
[BlackElo "2586"]
[TimeControl "180+2"]
[EndTime "14:56:04 PST"]
[Termination "vlad_Sid won on time"]

1. e4 c6 2. d4 d5 3. Nd2 dxe4 4.
Nxe4 Nf6 5. Nxf6+ exf6 6. c3 Bd6 7. Bd3 O-O 8. Ne2 Re8 9. O-O Na6 10. Qc2 h5 11. Bf4 Nc7 12. Rae1 Nd5 13. Bxd6 Qxd6 14. Qd2 Be6 15. Bb1 f5 16. Ng3 g6 17. Qh6 Nf6 18.
h3 Bc4 19. Bxf5 Qf8 20. Qg5 Nh7 21. Qf4 Bxf1 22. Rxf1 gxf5 23. Qxf5 h4 24. Qg4+ Kh8 25. Qxh4 Qg7 26. Qf4 Re7 27. c4 Qg5 28. Qf3 Rg8 29. d5 cxd5 30. cxd5 Rd7 31. Rd1 Rgd8 32. Ne4 Qe5 33.
d6 f5 34. Ng3 Rxd6 35. Rxd6 Qxd6 36. Qxf5 Qd5 37. Qf4 Qd1+ 38. Kh2 Qd4 39. Qf7 Qxb2 40. a4 a6 41. Qe7 Rg8 42. a5 b5 43. Qd6 b4 44. Qxa6 b3 45. Qb6 Qc3 46. a6 b2 47. a7 Qg7 48. h4 Qe5 49. Qa6 Qd5 0-1

[Event "*** Titled Tuesday Blitz"]
[Site "Chess.com"]
[Date "2020.01.07"]
[Round "8"]
[White "hazy13"]
[Black "adriangschnitzer"]
[Result "1-0"]
[WhiteElo "2222"]
[BlackElo "2490"]
[TimeControl "180+2"]
[EndTime "14:56:07 PST"]
[Termination "hazy13 won by resignation"]

1. d4 Nf6 2. c4 c5 3. d5 b5 4. cxb5 a6 5. bxa6 g6 6. Nc3 Bg7 7. Nf3 O-O 8. e4 Qa5 9. Bd2 Qb4 10. Bd3 Bxa6 11. Nb5 Qxb2 12. Bc3 Qxb5 13. Bxb5 Bxb5 14.
a4 Ba6 15. Qc2 d6 16. Nd2 Nbd7 17. f3 c4 18. Kf2 Nc5 19. Rhb1 Bh6 20. Bxf6 exf6 21.
Nxc4 Rfc8 22. Rb4 Rab8 23. Rab1 Rxb4 24. Rxb4 Nd7 25. Qb3 Nc5 26. Qc3 f5 27. Kg1 Bg7 28. e5 dxe5 29. Nd6 e4 30. Qd2 Rd8 31. Nb5 Nd3 32. fxe4 Nxb4 33. Qxb4 fxe4 34. Qxe4 Bb7 35. Qe7 Rb8 36. Qc7 Be5 37. Qxe5 Rc8 38. Nd6 Rc1+ 39. Kf2 Rc2+ 40. Ke3 Ba6 41. Qe8+ Kg7 42. Qxf7+ Kh6 43. Qf8+ Kh5 44. Qf3+ Kh6 45. Nf7+ Kg7 46. Ng5 Rc3+ 47. Kf4 Rxf3+ 48. Kxf3 Bb7 49. Ke4 Kf6 50. Ne6 h6 51. Nc5 Ba8 52. a5 h5 53. h4 g5 54.
hxg5+ Kxg5 55. Ke5 h4 56. d6 Bxg2 57. d7 h3 58. d8=Q+ Kg4 59. Qg8+ Kf3 60. Qf7+ Kg3 61. Ne4+ Bxe4 62. Kxe4 h2 63. Qf4+ Kg2 64. Qxh2+ Kxh2 65. a6 1-0

[Event "*** Titled Tuesday Blitz"]
[Site "Chess.com"]
[Date "2020.01.07"]
[Round "8"]
[White "Martins-BR"]
[Black "Teidi96"]
[Result "1-0"]
[WhiteElo "2334"]
[BlackElo "2177"]
[TimeControl "180+2"]
[EndTime "14:56:08 PST"]
[Termination "Martins-BR won by resignation"]

1. e4 c5 2. Nf3 e6 3. d4 cxd4 4. Nxd4 Nc6 5. Nc3 Qc7 6. Be3 a6 7. f4 Bb4 8. Qd3 Nf6 9. Be2 d5 10. e5 Ne4 11. O-O Bxc3 12. bxc3 Na5 13. f5 Qxc3 14.
fxe6 fxe6 15. Bf3 Qxd3 16. cxd3 Nc5 17. Rfd1 Bd7 18. Rac1 Rc8 19. Nf5 exf5 20. Bxc5 Be6 21. d4 Nc4 22. Rxc4 dxc4 23. Bxb7 Rb8 24. Bxa6 Bd5 25. Rd2 Kd7 26. Rc2 Rb1+ 27. Kf2 Ra8 28. Bxc4 Bxc4 29. Rxc4 Rxa2+ 30. Kg3 g5 31. h4 h6 32.
hxg5 hxg5 33. d5 Rb3+ 34. Kh2 Rbb2 35. e6+ Ke8 36. d6 Rxg2+ 37. Kh1 Rh2+ 38. Kg1 Rhe2 39. d7+ Kd8 40. Bb6+ Ke7 41. d8=Q+ Kxe6 42. Rc6+ Ke5 43. Qc7+ Ke4 44. Re6+ Kf3 45. Rxe2 Rxe2 46. Qc6+ Kg4 47. Kf1 Re4 48. Bf2 Rf4 49. Qg2+ Kh5 50. Qh3+ Kg6 51. Ke2 Re4+ 52. Kd3 Rf4 53. Be3 Rh4 54. Qg2 Re4 55.
Qa2 Kh5 56. Qf7+ Kh4 57. Qg6 Rg4 58. Qxf5 Kh3 59. Bf2 1-0

[Event "*** Titled Tuesday Blitz"]
[Site "Chess.com"]
[Date "2020.01.07"]
[Round "8"]
[White "Alopekos"]
[Black "Zq1"]
[Result "1-0"]
[WhiteElo "2428"]
[BlackElo "2508"]
[TimeControl "180+2"]
[EndTime "14:56:09 PST"]
[Termination "Alopekos won by resignation"]

1. e4 c5 2. Nc3 g6 3. Nf3 Bg7 4. d4 cxd4 5. Nxd4 Nc6 6. Nxc6 bxc6 7. Bc4 d6 8. Qf3 Nf6 9. e5 dxe5 10. Qxc6+ Bd7 11.
Qa6 O-O 12. O-O Qc7 13. Bb3 h5 14. Bg5 Bc6 15. Rad1 e6 16. Nb5 Qb6 17. Qxb6 axb6 18. Nc3 Nd7 19. Rd6 Rfc8 20. Be3 Nc5 21. Rfd1 e4 22.
R6d2 Nxb3 23. axb3 b5 24. Bd4 Bh6 25. Be3 Bxe3 26. fxe3 b4 27. Ne2 Ra2 28. Rd8+ Rxd8 29. Rxd8+ Kg7 30. Nd4 Bd5 31. c4 bxc3 32. bxc3 Bb7 33.
Rd7 Bc8 34. Rc7 Ra8 35. b4 e5 36. Nb5 Be6 37. Nd6 Ra1+ 38. Kf2 Ra2+ 39. Kf1 Ra1+ 40.
Kf2 Ra2+ 41. Kf1 h4 42. h3 Kf6 43. Nxe4+ Kf5 44. Nd6+ Kg5 45. b5 Ra1+ 46. Kf2 Ra2+ 47.
Kg1 f5 48. b6 Bd5 49. e4 fxe4 50. b7 Bxb7 51. Rxb7 e3 52. Rb1 Kf4 53. Rf1+ Kg5 54. Ne4+ Kh6 55. Re1 Rb2 56. Rxe3 Kg7 57. c4 Rc2 58. Rc3 Re2 59. c5 1-0

[Event "*** Titled Tuesday Blitz"]
[Site "Chess.com"]
[Date "2020.01.07"]
[Round "8"]
[White "ExploringChess"]
[Black "Genghis_K"]
[Result "1/2-1/2"]
[WhiteElo "2630"]
[BlackElo "2915"]
[TimeControl "180+2"]
[EndTime "14:56:11 PST"]
[Termination "Game drawn - insufficient material"]

1. e4 c5 2. Nf3 d6 3. d4 cxd4 4. Nxd4 Nf6 5. Nc3 a6 6. Bg5 e6 7. f4 h6 8. Bh4 Qb6 9. a3 Nbd7 10. Bf2 Qc7 11. Qf3 b5 12. Bd3 Bb7 13. g4 Nc5 14. h4 h5 15. gxh5 Rxh5 16. O-O-O Rc8 17. Kb1 g6 18.
Rhg1 Qa5 19. Be1 Qb6 20. Bf2 b4 21. axb4 Qxb4 22. Be1 Qb6 23. Qe3 Ba8 24. Nb3 Nfd7 25. Rg5 Rxg5 26. hxg5 Bg7 27. f5 Be5 28. fxg6 fxg6 29.
Qh3 Nf8 30. Bf2 Qb4 31. Bxc5 dxc5 32. Na2 Qa4 33. Nd2 c4 34. Be2 c3 35. Nxc3 Qb4 36.
Nb3 Bxc3 37. bxc3 Rxc3 38. Rd3 Rc8 39. Qh4 Bxe4 40. Bf3 Rc4 41. Bxe4 Rxe4 42. Qh2 a5 43. Qc7 Re1+ 44. Ka2 Qa4+ 45. Kb2 Nd7 46. Qb7 Re4 47. Rxd7 Qxd7 48. Qxd7+ Kxd7 49. Nc5+ Kd6 50. Nxe4+ Ke5 51. Nf2 Kf4 52. c4 Kxg5 53. c5 Kf6 54. Ne4+ Ke7 55. Kc3 Kd7 56. Kc4 Kc6 57. Ng5 e5 58.
Nf7 a4 59. Nxe5+ Kc7 60. Nxg6 a3 61. Kb3 a2 62. Kxa2 Kc6 63. Ne5+ Kxc5 1/2-1/2

[Event "*** Titled Tuesday Blitz"]
[Site "Chess.com"]
[Date "2020.01.07"]
[Round "8"]
[White "StephenDedalus83"]
[Black "KhazarBabazada"]
[Result "1-0"]
[WhiteElo "2738"]
[BlackElo "2912"]
[TimeControl "180+2"]
[EndTime "14:56:12 PST"]
[Termination "StephenDedalus83 won by resignation"]

1. g3 d5 2. Bg2 Nf6 3. d3 e5 4. Nd2 Nc6 5. a3 a6 6. b4 Be7 7. Bb2 O-O 8. c4 d4 9. Ngf3 Rb8 10. O-O Re8 11. b5 Na7 12. Nxe5 axb5 13. cxb5 Nxb5 14.
Nxf7 Kxf7 15. Qb3+ Be6 16. Qxb5 c6 17. Qa4 c5 18.
Nf3 Kg8 19. Qc2 Bd5 20. a4 Bf8 21. Rfe1 Qa5 22. Nd2 Bxg2 23. Kxg2 Qc7 24. Nc4 Qc6+ 25. Kg1 Nd5 26. e4 dxe3 27. fxe3 Kh8 28. Qf2 Be7 29. e4 Nb4 30. Qf7 Bf8 31. Ne5 Qf6 32.
Qxf6 gxf6 33. Nd7 Nxd3 34. Bxf6+ Bg7 35. Bxg7+ Kxg7 36. Red1 Nb2 37. Rdb1 Rbd8 38. Nxc5 Rd2 39. Ra2 Rd1+ 40. Rxd1 Nxd1 41. Rd2 Nc3 42. Rd7+ Kf6 43. Rxb7 Ke5 44. Rxh7 Kd4 45. Rc7 Ke3 46. Kg2 Rb8 47.
Rf7 Kd4 48. Rf5 Rc8 49. Ne6+ Kxe4 50. Rf4+ Ke5 51. Ng5 Ra8 52. Nf3+ Ke6 53. Nd4+ Ke5 54. a5 Nd5 55. Nf3+ Kd6 56. Ra4 Ne3+ 57. Kf2 Nd1+ 58.
Ke1 Nc3 59. Ra3 Re8+ 60. Kf1 Nb5 61. Ra1 Kd5 62. a6 Na7 63. Kf2 Kc4 64. h4 Nb5 65. a7 Ra8 66. h5 Nxa7 67. h6 Kc5 68. h7 1-0

[Event "*** Titled Tuesday Blitz"]
[Site "Chess.com"]
[Date "2020.01.07"]
[Round "8"]
[White "Atakishiyev04"]
[Black "spectralsoul"]
[Result "0-1"]
[WhiteElo "2739"]
[BlackElo "2879"]
[TimeControl "180+2"]
[EndTime "14:56:13 PST"]
[Termination "spectralsoul won by resignation"]

1. d4 g6 2. c4 Bg7 3. Nc3 d6 4. e4 e5 5. Nge2 Ne7 6. Be3 O-O 7. d5 f5 8. f3 f4 9. Bf2 c5 10. dxc6 bxc6 11. Qd2 Qc7 12. Rd1 Rd8 13. h4 Be6 14. Nc1 h5 15. Be2 d5 16. exd5 cxd5 17. cxd5 Nxd5 18.
Nxd5 Rxd5 19. Bd3 Nd7 20. Qe2 Nf8 21. O-O Rad8 22. b3 Kh7 23. Be4 R5d7 24. Nd3 Bf5 25. Nb2 Ne6 26. Nc4 Nd4 27. Bxd4 Rxd4 28. Rxd4 Rxd4 29. Bxf5 gxf5 30. Rd1 Qd8 31. Rxd4 Qxd4+ 32. Qf2 Qd7 33. Kh2 Qe7 34. Kh3 Bf6 35. Qc2 Kg6 36. Qf2 Qc7 37. Qe2 Qc5 38. Kh2 Qd4 39. Qd2 Qxd2 40.
Nxd2 Bxh4 41. Nc4 Kf6 42. Nd6 Ke6 43. Nb5 a5 44. Kg1 Kd5 45. Kf1 e4 46. Ke2 Bf6 47. Na3 Bc3 48. Nc4 h4 49. Nb6+ Kd4 50. Nc4 Kc5 51. Kf2 Kb4 52. Nd6 Ka3 53. Nxf5 e3+ 54. Ke2 Kxa2 55. Nxh4 Kxb3 56. Ng6 a4 57. Nxf4 a3 58.
Nd3 Kc2 59. Kxe3 a2 60. f4 a1=Q 61. g3 Qg1+ 0-1

[Event "*** Titled Tuesday Blitz"]
[Site "Chess.com"]
[Date "2020.01.07"]
[Round "8"]
[White "Babbelbox"]
[Black "SavelijTartakover"]
[Result "1/2-1/2"]
[WhiteElo "2525"]
[BlackElo "2693"]
[TimeControl "180+2"]
[EndTime "14:56:14 PST"]
[Termination "Game drawn by agreement"]

1. e4 e6 2. d4 d5 3. Nd2 c5 4. exd5 exd5 5. Ngf3 Nc6 6. Bb5 Qe7+ 7. Qe2 Qxe2+ 8.
Bxe2 cxd4 9. O-O Bf5 10. Nb3 Bxc2 11. Nbxd4 Be4 12. Bf4 Bxf3 13. Nxf3 Nf6 14. Rfe1 Be7 15. Bb5 a6 16. Bxc6+ bxc6 17. Nd4 Kd7 18. Nxc6 Bd6 19. Ne5+ Bxe5 20. Bxe5 Rhe8 21. f4 Rac8 22. Rac1 Ne4 23. Bxg7 f6 24. f5 Rc6 25. Kf1 d4 26. Rcd1 Rd6 27.
Bh6 d3 28. g4 Rd5 29. h3 a5 30.
Kg2 Nc5 31. Rxe8 Kxe8 32. Be3 Na4 33. Rd2 Re5 34. Kf3 Nc5 35. Bxc5 Rxc5 36. Rxd3 Rc2 37. Rb3 Kf7 38. Rb5 a4 39. a3 Kg7 40. h4 h5 41. g5 Rh2 42. Rb7+ Kf8 43. gxf6 Rxh4 44.
Rb4 Rh2 45. Rxa4 Rxb2 46. Ra6 Kf7 47. Kf4 Rg2 48. Kf3 Rg1 49. a4 h4 50. Ke4 h3 51.
Ra7+ Kxf6 52. Rh7 Re1+ 53. Kd5 Ra1 54. Rxh3 Rxa4 55. Rf3 Rb4 56. Kd6 Re4 57. Rf1 Re5 58. Rh1 Rxf5 59. Rh8 Kg5 60. Rg8+ Kf4 1/2-1/2

[Event "*** Titled Tuesday Blitz"]
[Site "Chess.com"]
[Date "2020.01.07"]
[Round "8"]
[White "narutosmith"]
[Black "chesstatour"]
[Result "1/2-1/2"]
[WhiteElo "2234"]
[BlackElo "1994"]
[TimeControl "180+2"]
[EndTime "14:56:14 PST"]
[Termination "Game drawn - insufficient material"]

1. e4 c6 2. d4 d5 3. e5 c5 4.
dxc5 Nc6 5. Nf3 Bg4 6. c3 e6 7.
Be3 Nge7 8. Bb5 a6 9. Ba4 Rc8 10.
h3 Bxf3 11. Qxf3 Ng6 12. Bd4 Be7 13. Qg4 O-O 14. Bxc6 Rxc6 15. h4 Bxc5 16. h5 Ne7 17. h6 g6 18. Qf4 Nf5 19. g4 Nxd4 20. cxd4 Bb4+ 21. Kf1 f6 22. Kg2 fxe5 23. Qxe5 Qf6 24. Qe3 Rc2 25. Rf1 Bd6 26. Nc3 Rxb2 27. Rae1 Re8 28.
Nxd5 Qf7 29. Qe4 Rxa2 30. Nb6 Bc7 31. Nc4 Ra4 32. Ne5 Bxe5 33. Qxe5 Rc4 34. Re3 Rc7 35. Rf3 Qe7 36. Rf6 Rd7 37. Re1 Qd6 38. Qe4 Qd5 39. Rxe6 Qxe4+ 40. R1xe4 Rxe6 41. Rxe6 Rxd4 42. f3 Kf7 43. Rb6 Rd7 44. g5 Rc7 45. Rf6+ Ke7 46.
f4 a5 47. f5 gxf5 48. Rxf5 a4 49. g6 hxg6 50. h7 Rc8 51. Re5+ Kf6 52. Rb5 Rh8 53.
Rxb7 a3 54. Ra7 a2 55. Rxa2 Rxh7 56. Kg3 Re7 57. Ra6+ Re6 58. Ra5 g5 59. Kg4 Kg6 60. Rxg5+ Kf6 61. Rf5+ Kg6 62. Rf8 Kg7 63. Rf5 Re4+ 64.
Kf3 Re6 65. Kf4 Rf6 66. Kg5 Rxf5+ 67. Kxf5 1/2-1/2

[Event "*** Titled Tuesday Blitz"]
[Site "Chess.com"]
[Date "2020.01.07"]
[Round "8"]
[White "KRASAVCHIK2002"]
[Black "Incognito_Knight"]
[Result "1/2-1/2"]
[WhiteElo "2506"]
[BlackElo "2750"]
[TimeControl "180+2"]
[EndTime "14:56:16 PST"]
[Termination "Game drawn by agreement"]

1. e4 c5 2. Nf3 e6 3. d4 cxd4 4. Nxd4 a6 5. Nc3 b5 6. a4 b4 7.
Nce2 Nf6 8. Ng3 Bb7 9. f3 d5 10. e5 Nfd7 11. f4 Nc6 12. Be3 Bc5 13. Nge2 Qb6 14.
Qd2 O-O 15. g3 f6 16. Bh3 fxe5 17. Bxe6+ Kh8 18. Bxd7 exd4 19. Bf2 b3 20. Bxc6 Bxc6 21. Bxd4 Rfe8 22. c3 Bxd4 23. Qxd4 Qc7 24. Kf2 Re4 25. Qd3 Rae8 26. Rhe1 Qe7 27. Qd2 d4 28. Nxd4 Bb7 29.
Nf3 Qc5+ 30. Nd4 Qh5 31. h4 Qd5 32. Rxe4 Qxe4 33. Rg1 h5 34. Qe1 Qg6 35. Qd1 Qe4 36. Qe1 Qg6 37. Qd1 Qe4 38. Qxh5+ Kg8 39. Qd1 Rd8 40.
Qe2 Rxd4 41. cxd4 Qxd4+ 42. Qe3 Qxb2+ 43. Ke1 Qb1+ 44. Kd2 Qc2+ 45. Ke1 Be4 46. Qe2 Qc1+ 47. Kf2 Qc5+ 48. Qe3 Qc2+ 49. Qe2 b2 50. Qxc2 Bxc2 51. a5 b1=Q 52. Rxb1 Bxb1 53. g4 g6 54. Ke3 Kf7 55.
f5 gxf5 56. gxf5 Bxf5 57. Kd4 Bd7 58. Kc3 Bb5 59. Kb2 Kg6 60. Ka1 Kh5 61. Kb2 Kxh4 62.
Ka1 1/2-1/2

[Event "*** Titled Tuesday Blitz"]
[Site "Chess.com"]
[Date "2020.01.07"]
[Round "8"]
[White "Supernotar"]
[Black "13MiRacLe"]
[Result "0-1"]
[WhiteElo "2551"]
[BlackElo "2710"]
[TimeControl "180+2"]
[EndTime "14:56:26 PST"]
[Termination "13MiRacLe won by checkmate"]

1. d4 Nf6 2. c4 g6 3. Nc3 d5 4. cxd5 Nxd5 5. e4 Nxc3 6. bxc3 Bg7 7. Nf3 c5 8. Be3 Qa5 9. Qd2 O-O 10. Rc1 Rd8 11. d5 e6 12. c4 Qxd2+ 13. Nxd2 Na6 14. f3 b6 15. Rb1 Nb4 16. Bg5 f6 17. Bf4 Nxa2 18. Rb3 Nb4 19. Be2 a5 20. Bc7 Re8 21. Bxb6 Nc2+ 22. Kf2 Nd4 23. Ra3 exd5 24. cxd5 Nxe2 25.
Kxe2 a4 26. Bxc5 f5 27. Kf2 fxe4 28. Nxe4 Re5 29. Rd1 Bb7 30. Rd4 Bxd5 31. Rdxa4 Rxa4 32. Rxa4 Bxe4 33. Bd4 Bc6 34. Ra7 Bf6 35. Bxe5 Bxe5 36. Kf1 Bb5+ 37. Ke1 Bxh2 38. Rb7 Bc4 39. Rb4 Bf7 40.
f4 Bg3+ 41. Ke2 Bh4 42. Rb8+ Kg7 43. Kf3 h5 44. g4 Bd5+ 45. Ke3 hxg4 46. Kd4 Bf3 47. Rb3 g3 48. Ke3 g2 49. Rb1 Bc6 50. Rc1 Bd8 51. Rb1 g1=Q+ 52. Rxg1 Bb6+ 53. Kd3 Bxg1 54.
f5 gxf5 55. Ke2 Kg6 56. Kf1 Bc5 57. Ke2 Be7 58. Ke3 Be8 59. Kf4 Kf6 60. Kf3 Kg5 61.
Kg3 f4+ 62. Kh3 Kf5 63. Kh2 Ke4 64. Kh3 Ke3 65. Kh2 f3 66. Kg1 Ke2 67. Kh2 f2 68.
Kg3 f1=Q 69. Kh2 Bd6# 0-1